 Dungeon Crawl Stone Soup version 0.30-a0-777-ga9a30cbeda (webtiles) character file.

Game seed: 6844632936019829260

8549 dialectric the Carver (level 11, -2/68 HPs)
             Began as a Gargoyle Fighter on Feb 14, 2023.
             Was a High Priest of Okawaru.
             Slain by an orange demon (10 damage)
             ... led by Amaemon
             ... on level 10 of the Dungeon.
             The game lasted 00:19:41 (11565 turns).

dialectric the Carver (Gargoyle Fighter)           Turns: 11565, Time: 00:19:41

Health: -2/68      AC: 19    Str: 22    XL:     11   Next: 32%
Magic:  10/11      EV: 14    Int:  9    God:    Okawaru [*****.]
Gold:   487        SH:  0    Dex: 11    Spells: 10/10 levels left

rFire   + . .      SeeInvis .    K - +4 scimitar (freeze)
rCold   . . .      Faith    .    (no shield)
rNeg    + . .      Spirit   .    z - +2 ring mail {rF+}
rPois   ∞          Reflect  .    (no helmet)
rElec   +          Harm     .    M - +0 cloak
rCorr   .          Rampage  .    (no gloves)
Will    .....                    (no boots)
Stlth   ++                       (no amulet)
HPRegen 0.31/turn                (no ring)
MPRegen 0.12/turn                (no ring)

@: heroic
A: sickness immunity, AC +8, negative energy resistance 1, electricity
resistance, torment resistance 1, petrification resistance
a: Renounce Religion, Heroism, Finesse, Duel


You were on level 10 of the Dungeon.
You worshipped Okawaru.
Okawaru was extremely pleased with you.
You visited 2 branches of the dungeon, and saw 11 of its levels.
You also visited: Bailey.

You collected 532 gold pieces.
You spent 45 gold pieces at shops.

Inventory:

Hand Weapons
 B - a +4 long sword
 K - a +4 scimitar of freezing (weapon)
Missiles
 J - a throwing net (quivered)
Armour
 c - a +0 buckler
 z - a +2 ring mail of fire resistance (worn)
 H - a +0 plate armour
 M - a +0 cloak (worn)
Jewellery
 b - a ring of willpower
 g - a ring of fire
 y - a ring of resist corrosion
 N - a +6 ring of strength
Wands
 r - a wand of flame (9)
 t - a wand of mindburst (6)
 u - a wand of paralysis (1)
 L - a wand of polymorph (10)
Scrolls
 f - a scroll of vulnerability {unknown}
 h - a scroll of fog
 i - 2 scrolls of immolation {unknown}
 j - 2 scrolls of enchant weapon {unknown}
 k - 4 scrolls of teleportation
 l - 2 scrolls of noise
 n - 5 scrolls of identify
 p - a scroll of enchant armour
 q - 2 scrolls of fear
 v - 2 scrolls of blinking {unknown}
 C - 2 scrolls of butterflies {unknown}
Potions
 d - a potion of attraction {unknown}
 e - 4 potions of heal wounds
 m - 3 potions of cancellation {unknown}
 o - 3 potions of brilliance {unknown}
 s - a potion of degeneration {unknown}
 w - a potion of resistance {unknown}
 x - 2 potions of haste {unknown}
 A - a potion of flight {unknown}
 D - a potion of mutation {unknown}
 E - 4 potions of magic {unknown}
 F - 2 potions of invisibility
 G - a potion of experience
 I - a potion of might


   Skills:
 * Level 7.9(12.9) Fighting
 - Level 2.8(12.3) Short Blades
 * Level 10.6(15.8) Long Blades
 + Level 9.0(14.0) Armour
 - Level 5.0(10.0) Dodging
 - Level 4.3(9.3) Shields
 - Level 1.0 Invocations
 - Level 3.0 Evocations


You had 10 spell levels left.
You didn't know any spells.
Your spell library contained the following spells:

 Spells                   Type           Power      Damage    Failure   Level
 Apportation              Tloc           0%         N/A       50%         1
 Magic Dart               Conj           0%         1d3       50%         1
 Necrotise                Necr           0%         1d4       50%         1
 Ensorcelled Hibernation  Hex/Ice        0%         N/A       65%         2
 Poisonous Vapours        Pois/Air       0%         N/A       65%         2
 Frozen Ramparts          Ice            0%         1d1       86%         3
 Mephitic Cloud           Conj/Pois/Air  0%         N/A       86%         3
 Spider Form              Tmut/Pois      0%         N/A       86%         3
 Stone Arrow              Conj/Erth      0%         3d7       86%         3
 Airstrike                Air            0%         2d(0-16)  99%         4
 Anguish                  Hex/Necr       0%         N/A       99%         4
 Ice Form                 Ice/Tmut       0%         N/A       99%         4
 Leda's Liquefaction      Hex/Erth       0%         N/A       99%         4
 Manifold Assault         Tloc           0%         N/A       99%         4
 Lee's Rapid Deconstruct  Erth           0%         3d4*      100%        5
 Lightning Bolt           Conj/Air       0%         1d11      100%        5
 Dispersal                Tloc           0%         N/A       100%        6
 Disjunction              Tloc           0%         N/A       100%        8
 Lehudib's Crystal Spear  Conj/Erth      0%         10d2      100%        8
 Summon Small Mammal      Summ           Unusable   N/A       N/A         1
 Call Imp                 Summ           Unusable   N/A       N/A         2
 Cigotuvi's Dreadful Rot  Necr/Pois/Air  Unusable   N/A       N/A         2
 Animate Armour           Summ/Erth      Unusable   N/A       N/A         4
 Summon Ice Beast         Ice/Summ       Unusable   N/A       N/A         4
 Summon Lightning Spire   Summ/Air       Unusable   N/A       N/A         4
 Statue Form              Tmut/Erth      Unusable   N/A       N/A         6

Dungeon Overview and Level Annotations

Branches:
Dungeon (10/15)            Temple (1/1) D:4            Lair (0/5) D:8
    Orc (0/2) D:10         Bailey (visited)

Altars:
Ashenzari
Cheibriados
Dithmenos
Elyvilon
Fedhas
Gozag
Hepliaklqana
Kikubaaqudgha
Makhleb
Nemelex Xobeh
Okawaru
Qazlal
Ru
Sif Muna
Trog
Uskayaw
Vehumet
Wu Jian
Xom
Yredelemnul
Zin
The Shining One

Shops:
D:8 ?

Annotations:
D:10 Amaemon


Innate Abilities, Weirdness & Mutations

You are immune to sickness and miasma.
Your stone body is resilient. (AC +8)
You are immune to poison.
You resist negative energy. (rN+)
You are resistant to electric shocks. (rElec)
You are resistant to unholy torment.
You are immune to petrification.


Message History

Amaemon points at the scorpion and mumbles some strange words.
The scorpion seems to grow toxic.
You hit the troll but do no damage.
The troll is moderately wounded.
You slash the troll! You freeze the troll.
The troll is heavily wounded.
The troll closely misses you. x2; The troll claws you.
Amaemon gestures at the orange demon while chanting.
The orange demon seems to grow toxic.
The orange demon stings you from afar!
You slice the troll!! You freeze the troll!
You kill the troll!
Okawaru accepts your kill.
The troll leather armour is intact enough to wear.
The orange demon stings you from afar.
You hit the scorpion. You freeze the scorpion.
The scorpion is lightly wounded.
The scorpion closely misses you.
You hit the scorpion. You freeze the scorpion.
The scorpion is heavily wounded.
The orange demon stings you but does no damage.
The scorpion barely misses you.
You slash the scorpion! You freeze the scorpion.
You kill the scorpion!
The scorpion's corpse disappears in a puff of smoke!
Something hits you.
* * * LOW HITPOINT WARNING * * *
Deactivating autopickup; reactivate with Ctrl-A.
The orange demon stings you but does no damage.
You closely miss something. Something hits you.
* * * LOW HITPOINT WARNING * * *
Something hits you but does no damage.
The orange demon stings you but does no damage.
Amaemon mumbles some strange words.
You closely miss something. Something hits you!
* * * LOW HITPOINT WARNING * * *
Amaemon says, "Afraid of a little sting?"
Amaemon closely misses you. Amaemon misses you.
Amaemon tail-slaps you but does no damage.
The orange demon stings you!
You die...

.... ###.# ..8.
#######.#######.
....
..............'.
...#
#######.#######.
... #.## ...
#..### ###
##...# ###.# .
#@# .#
.......64#
.......s.#
.........#
..........
........?.#
.........##
.........#


You could see Amaemon, an orange demon (curare) and a scorpion (summoned).

Vanquished Creatures
  A two-headed ogre (D:9)
  Joseph (D:7)
  2 kobold demonologists (D:9)
  A troll (D:10)
  4 shadows
  A yak (D:8)
  2 basilisks (D:8)
  A wyvern (D:7)
  A two-headed ogre zombie (D:10)
  2 steam dragons
  3 vampire mosquitoes
  Menkaure (D:4)
  A water moccasin (D:8)
  An ice beast (D:7)
  2 sky beasts
  2 ogres
  3 centaurs
  4 kobold brigands
  A phantom (D:5)
  A bullfrog (D:6)
  2 gnoll sergeants
  4 scorpions
  6 necrophages
  24 wights
  10 killer bees
  2 howler monkeys (D:8)
  A jelly (D:5)
  5 hounds
  5 orc priests
  4 iguanas
  Natasha (thrice) (D:3)
  5 orc wizards
  7 ogre zombies (D:10)
  6 adders
  21 gnolls
  A shadow imp (D:7)
  A white imp (D:6)
  3 ufetubi
  26 orcs
  2 endoplasms (D:1)
  3 giant cockroaches
  5 hobgoblins
  3 quokkas (D:1)
  6 ball pythons
  5 bats
  6 frilled lizards
  5 goblins
  A goblin skeleton (D:10)
  4 goblin zombies (D:10)
  2 hobgoblin skeletons (D:10)
  3 hobgoblin zombies (D:10)
  26 kobolds
  3 orc skeletons (D:10)
  12 orc zombies (D:10)
  2 rats
259 creatures vanquished.

Vanquished Creatures (others)
  2 bushes (D:9)
2 creatures vanquished.

Grand Total: 261 creatures vanquished

Notes
Turn   | Place    | Note
-------+----------+-------------------------------------------
     0 | D:1      | dialectric the Gargoyle Fighter began the quest for the
                  | Orb.
     0 | D:1      | Reached XP level 1. HP: 14/14 MP: 1/1
    98 | D:1      | Reached skill level 2 in Long Blades
   109 | D:1      | Reached XP level 2. HP: 19/19 MP: 2/2
   526 | D:1      | Reached XP level 3. HP: 23/23 MP: 3/3
   974 | D:2      | Reached XP level 4. HP: 17/28 MP: 4/4
  1206 | D:3      | Reached skill level 3 in Long Blades
  1284 | D:3      | Noticed Natasha
  1299 | D:3      | Killed Natasha
  1336 | D:3      | Noticed Natasha
  1347 | D:3      | Killed Natasha
  1421 | D:3      | Reached skill level 1 in Dodging
  1542 | D:3      | Noticed Natasha
  1552 | D:3      | Reached XP level 5. HP: 30/32 MP: 5/5
  1558 | D:3      | Killed Natasha
  1995 | D:2      | Reached skill level 4 in Long Blades
  2135 | D:4      | Reached XP level 6. HP: 37/38 MP: 6/6
  2195 | D:4      | Found a staircase to the Ecumenical Temple.
  2211 | Temple   | Entered the Ecumenical Temple
  2211 | Temple   | Found a transporter.
  2211 | Temple   | Found a transporter.
  2309 | Temple   | Found a transporter.
  2309 | Temple   | Found a transporter.
  2365 | Temple   | Became a worshipper of Warmaster Okawaru
  2409 | Temple   | Reached skill level 1 in Short Blades
  2685 | D:4      | Reached XP level 7. HP: 44/44 MP: 7/7
  2840 | D:4      | Noticed Menkaure
  2851 | D:4      | Killed Menkaure
  2852 | D:4      | Reached skill level 5 in Armour
  3065 | D:5      | Entered Level 5 of the Dungeon
  3076 | D:5      | Found a snail-covered altar of Cheibriados.
  3183 | D:5      | Reached skill level 5 in Fighting
  3326 | D:5      | Reached * piety under Okawaru
  3679 | D:5      | Found a hazy altar of Hepliaklqana.
  3696 | D:5      | Reached XP level 8. HP: 48/49 MP: 8/8
  4352 | D:6      | HP: 2/49 [wight/+0 great sword (9)]
  4797 | D:6      | Reached ** piety under Okawaru
  5568 | D:6      | Reached XP level 9. HP: 15/54 MP: 9/9
  6158 | D:7      | Found a flagged portal.
  6179 | Bailey   | Entered a bailey
  6257 | Bailey   | Reached skill level 5 in Dodging
  6403 | Bailey   | Reached skill level 1 in Evocations
  6713 | D:7      | Reached skill level 5 in Long Blades
  6794 | D:7      | Reached *** piety under Okawaru
  7075 | D:7      | Noticed Joseph
  7093 | D:7      | Killed Joseph
  7094 | D:7      | Reached skill level 6 in Long Blades
  7639 | D:7      | Reached **** piety under Okawaru
  7640 | D:7      | Reached skill level 7 in Long Blades
  7734 | D:8      | Reached XP level 10. HP: 54/60 MP: 10/10
  8011 | D:8      | Found a staircase to the Lair.
  8049 | D:7      | Reached skill level 8 in Long Blades
  8775 | D:8      | Found Quwneq's Magic Scroll Boutique.
  8778 | D:8      | Bought a scroll of teleportation for 45 gold pieces
  9122 | D:9      | Found a shadowy altar of Dithmenos.
  9149 | D:9      | Reached skill level 9 in Long Blades
  9868 | D:9      | Found a radiant altar of Vehumet.
 10111 | D:9      | Noticed a kobold demonologist
 10111 | D:9      | Noticed a kobold demonologist
 10111 | D:9      | Noticed a kobold demonologist
 10129 | D:9      | Noticed a sixfirhy
 10130 | D:10     | Entered Level 10 of the Dungeon
 10164 | D:9      | Noticed a rust devil
 10168 | D:9      | Found an ancient bone altar of Kikubaaqudgha.
 10224 | D:8      | Reached ***** piety under Okawaru
 10618 | D:9      | Killed a kobold demonologist
 10624 | D:9      | Reached XP level 11. HP: 53/67 MP: 11/11
 10717 | D:10     | Noticed a two-headed ogre
 10754 | D:9      | Reached skill level 10 in Long Blades
 11077 | D:9      | Killed a two-headed ogre
 11225 | D:10     | Found a staircase to the Orcish Mines.
 11435 | D:10     | Reached skill level 1 in Invocations
 11548 | D:10     | Noticed Amaemon
 11565 | D:10     | Slain by an orange demon

Illustrated notes

Levels and vault maps discovered:
D:1:      reono_arrival_forest_river, layout_basic, st_stairs_9
D:2:      layout_basic
D:3:      layout_loops_ring, uniq_natasha
D:4:      layout_basic, minmay_temple_entry_mini_moons, enter_ossuary_5,
          grunt_ministairs_11, uniq_menkaure
D:5:      layout_basic, mainiacjoe_overflow_small_starburst,
          mainiacjoe_overflow_tiny_flanked
D:6:      layout_basic
D:7:      layout_rooms, serial_curves, eino_curves_03, eino_curves_03,
          eino_curves_01, eino_curves_02, enter_bailey_4, uniq_joseph
D:8:      layout_loops_ring, david_lair_generic, serial_shops,
          kennysheep_mini_moat, st_stairs_1
D:9:      layout_irregular_city, mainiacjoe_overflow_catch_the_wave,
          vehumet_crystals
D:10:     layout_roguey, zombieorc2_lemuel, uniq_erolcha, uniq_amaemon
Temple:   hellmonk_temple_divided_pantheon

Skill      XL: |  1  2  3  4  5  6  7  8  9 10 11 |
---------------+----------------------------------+-----
Long Blades    | 2 3 4 7 9 10 | 10.6
Dodging        | 1 2 4 5 |  5.0
Armour         | 4 6 8 9 |  9.0
Fighting       | 4 5 7 |  7.9
Short Blades   | 1 2 |  2.8
Shields        | 4 |  4.3
Evocations     | 1 2 3 |  3.0
Invocations    | 1 |  1.0

Action                     |  1- 3 |  4- 6 |  7- 9 | 10-12 || total
---------------------------+-------+-------+-------+-------++-------
  Melee: Long sword        |   137 |    93 |   513 |   120 ||   863
         Short sword       |       |    83 |       |       ||    83
         Punch             |       |     1 |     4 |     4 ||     9
         Falchion          |       |       |     9 |       ||     9
         Great sword       |       |       |     5 |       ||     5
         Scimitar          |       |       |       |   357 ||   357
 Invoke: Heroism           |       |       |       |     3 ||     3
  Evoke: Wand              |       |       |    16 |    13 ||    29
    Use: Potion            |       |     3 |     6 |     1 ||    10
         Scroll            |       |     1 |     3 |     6 ||    10
   Stab: Paralysed         |       |       |     2 |     5 ||     7
 Armour: Scale mail        |   104 |   112 |    61 |       ||   277
         Ring mail         |       |       |   232 |   325 ||   557
  Dodge: Dodged            |    95 |   109 |   418 |   440 ||  1062
  Block: Buckler           |       |       |    10 |       ||    10

Table legend: (Time is in decaauts)
 A = Elapsed time spent in this place.
 B = Non-inter-level travel time spent in this place.
 C = Inter-level travel time spent in this place.
 D = Time resting spent in this place.
 E = Time spent auto-exploring this place.
 F = Levels seen in this place.
 G = Mean time per level.
                   A        B        C        D        E       F      G
               +--------+--------+--------+--------+--------+-----+--------+
         Total |  11692 |  11276 |    416 |   2365 |   5762 |  12 |  974.3 |
       Dungeon |  10885 |  10469 |    416 |   2068 |   5587 |  10 | 1088.5 |
        Temple |    303 |    303 |      0 |    183 |      0 |   1 |  303.0 |
        Bailey |    504 |    504 |      0 |    114 |    175 |   1 |  504.0 |
               +--------+--------+--------+--------+--------+-----+--------+

Top non-repeatable levels by time:
     D:6: 1648 daAuts
     D:8: 1602 daAuts
     D:9: 1587 daAuts
     D:5: 1523 daAuts
     D:7: 1198 daAuts
     D:3: 876 daAuts
     D:2: 698 daAuts
     D:4: 696 daAuts
     D:1: 571 daAuts
  Bailey: 504 daAuts
    D:10: 483 daAuts
  Temple: 303 daAuts
